 Dungeon Crawl Stone Soup version 0.24.0-13-gcf9b3192b9 (webtiles) character file.

Game seed: 6034874530523845256, levelgen mode: deterministic

30 EriolAelfwine the Charmwright (level 3, -8/27 HPs)
             Began as a Merfolk Skald on Nov 10, 2019.
             Killed from afar by Natasha (12 damage)
             ... with a puff of flame
             ... on level 2 of the Dungeon.
             The game lasted 00:03:11 (1472 turns).

EriolAelfwine the Charmwright (Merfolk Skald)       Turns: 1472, Time: 00:03:12

Health: -8/27      AC:  3    Str: 12    XL:     3   Next: 20%
Magic:  1/6        EV: 12    Int: 12    God:
Gold:   75         SH:  0    Dex: 13    Spells: 0/6 levels left

rFire    . . .     SeeInvis .   a - +0 spear
rCold    . . .     Gourm    .   (no shield)
rNeg     . . .     Faith    .   b - +0 leather armour
rPois    .         Spirit   .   (no helmet)
rElec    .         Reflect  .   (no cloak)
rCorr    .         Harm     .   (no gloves)
MR       .....                  (no boots)
Stlth    +.........             (no amulet)
HPRegen  0.09/turn              (no ring)
MPRegen  0.10/turn              (no ring)

@: shrouded, very slightly contaminated
A: change form in water, swift swim, stealthy swim
a: no special abilities


You were on level 2 of the Dungeon.
You were very hungry.

You visited 1 branch of the dungeon, and saw 2 of its levels.

You collected 75 gold pieces.

Inventory:

Hand Weapons
 a - a +0 spear (weapon)
Armour
 b - a +0 leather armour (worn)
 k - a +0 ring mail
Jewellery
 g - an uncursed ring of wizardry {unknown}
Scrolls
 f - a scroll of immolation {unknown}
 h - a scroll of identify {unknown}
 m - a scroll of enchant weapon {unknown}
Potions
 c - a potion of flight {unknown}
 e - a potion of curing {unknown}
 i - 2 potions of invisibility {unknown}
 l - a potion of berserk rage {unknown}
Comestibles
 d - 3 rations


   Skills:
 - Level 2.1 Fighting
 - Level 3.0 Polearms
 - Level 0.6 Armour
 - Level 2.6 Dodging
 + Level 2.4 Spellcasting
 * Level 4.2 Charms
 + Level 0.2 Translocations


You couldn't memorise any spells.
You knew the following spells:

 Your Spells              Type           Power        Failure   Level  Hunger
a - Infusion              Chrm           ##..         6%          1    ##.....
b - Shroud of Golubria    Chrm/Tloc      #.....       21%         2    ###....
c - Spectral Weapon       Hex/Chrm       #.......     38%         3    ####...

Your spell library contained the following spells:

 Spells                   Type           Power        Failure   Level  Hunger
 Song of Slaying          Chrm           ##......     9%          2    ###....
 Regeneration             Chrm/Necr      #.........   38%         3    ####...


Dungeon Overview and Level Annotations

Branches:
Dungeon (2/15)

Altars:

Annotations:
D:2 Natasha


Message History

You open the door.
Natasha, Servant of Life and Death comes into view.
She is carrying a wand of flame (21).
Natasha hisses angrily.
Natasha zaps a wand.
The puff of flame hits you!
Found a hand axe.
Casting: Infusion (safe; 6% risk of failure)
Confirm with . or Enter, or press ? or * to list all spells.
Space distorts slightly along a thin shroud covering your body.
Natasha zaps a wand.
The puff of flame hits you!
Casting: Shroud of Golubria (safe; 21% risk of failure)
Confirm with . or Enter, or press ? or * to list all spells.
You miscast Spectral Weapon.
You are very lightly contaminated with residual magic.
You feel a strange surge of energy!
You are feeling very hungry.
Natasha stares at you and mumbles some strange words.
The magic dart hits you!
* * * LOW HITPOINT WARNING * * *
Natasha zaps a wand.
The puff of flame hits you!
You die...

. .. ... ....
.....
......#######
.....)'..@..#
.....h#####.#
..... #.#
#### #.# #.#
#.# #.# #<#
###


You could see Natasha.

Vanquished Creatures
  A leopard gecko (D:1)
  6 bats (D:1)
  3 giant cockroaches (D:1)
  3 goblins (D:1)
  3 hobgoblins (D:1)
  2 jackals (D:1)
  A ball python (D:1)
  2 frilled lizards (D:1)
  A kobold (D:1)
  6 rats (D:1)
28 creatures vanquished.

Notes
Turn   | Place    | Note
-------+----------+-------------------------------------------
     0 | D:1      | EriolAelfwine the Merfolk Skald began the quest for the
                  | Orb.
     0 | D:1      | Reached XP level 1. HP: 16/16 MP: 3/3
    66 | D:1      | Reached XP level 2. HP: 19/22 MP: 5/5
    70 | D:1      | Learned a level 2 spell: Shroud of Golubria
   652 | D:1      | Reached skill level 4 in Charms
   950 | D:1      | Reached XP level 3. HP: 20/27 MP: 6/6
  1032 | D:1      | Learned a level 3 spell: Spectral Weapon
  1468 | D:2      | Noticed Natasha
  1472 | D:2      | Killed from afar by Natasha

Levels and vault maps discovered:
D:1:      ncdulo_lavacross, layout_loops_corners, due_unseen_surprise
D:2:      layout_basic, nicolae_gozag_zags_fifth_avenue, tso_metal_star,
          first_ration, kennysheep_decorative_pillar, uniq_natasha

Skill      XL: |  1  2 |
---------------+-------+-----
Charms         | 4 |  4.2
Fighting       | |  2.1
Polearms       | |  3.0
Armour         | |  0.6
Dodging        | |  2.6
Spellcasting   | |  2.4
Translocations | |  0.2

Action                   || total
-------------------------++-------
Melee: Spear             ||   112
 Cast: Infusion          ||     1
       Shroud of Golubri ||     1
 Stab: Sleeping          ||     1
  Eat: Chunk             ||     1
Armor: Leather armour    ||    25
Dodge: Dodged            ||    49
